Map: 애씨드 플랜트 - 래더

Players

iGiA (iAsonu)

  • Race: Zerg Zerg
  • League: Diamond
  • Spawn Location: 11:00

Dark - Winner!

  • Race: Zerg Zerg
  • Spawn Location: 5:00

Event: WESG 2017 Haikou

VOD

Have the link to the VOD?

Description

Time

  • Played on: March 14, 2018, 10:14 p.m.
  • Length: 12:32

All games in this series

Show
View Real Time Build Order
Export as new Build Order

iGiA Zerg 

Build Orders: Hatch First 

Get SALT Encoding   

  12  0:00  Drone  
  13  0:12  Overlord  
  13  0:18  Drone  
  14  0:31  Drone x2  
  14  0:34  Drone  
  17  0:51  Hatchery  
  17  0:54  Drone  
  17  0:58  Drone  
  18  1:08  Extractor  
  17  1:14  Spawning Pool  
  17  1:16  Drone  
  18  1:18  Drone  
  18  1:27  Drone  
  19  1:39  Overlord  
  19  1:50  Drone  
  20  2:00  Queen  
  22  2:01  Zergling x2  
  22  2:03  Queen  
  22  2:04  Drone  
  26  2:12  Drone  
  27  2:18  Overlord  
  27  2:21  Drone  
  28  2:26  Drone  
  29  2:31  Roach Warren  
  29  2:34  Drone, Evolution Chamber  
  28  2:39  Lair  
  28  2:42  Drone  
  29  2:45  Drone  
  29  2:48  Drone  
  29  2:51  Extractor  
  30  2:58  Drone x2  
  32  3:00  Zerg Missile Weapons Level 1  
  32  3:05  Overlord  
  32  3:08  Drone  
  32  3:11  Drone  
  34  3:14  Roach  
  34  3:18  Roach  
  38  3:21  Roach  
  38  3:25  Roach  
  41  3:29  Drone  
  41  3:31  Drone  
  43  3:37  Evolution Chamber  
  43  3:38  Glial Reconstitution  
  42  3:45  Roach  
  44  3:50  Roach  
  46  3:58  Roach  
  46  3:59  Roach  
  42  4:12  Drone  
  42  4:16  Drone x2  
  44  4:21  Drone x2  
  45  4:24  Drone x2  
  45  4:25  Drone  
  45  4:26  Drone x2  
  50  4:38  Drone x2  
  52  4:39  Overseer  
  52  4:40  Overlord  
  52  4:47  Overlord  
  52  4:52  Overlord  
  52  4:58  Queen  
  52  4:59  Drone  
  55  5:00  Drone x2  
  55  5:07  Drone x2  
  58  5:12  Roach x2  
  63  5:16  Extractor  
  62  5:27  Roach x4  
  66  5:42  Roach x3  
  70  5:47  Hatchery  
  67  5:51  Zerg Missile Weapons Level 2  
  67  5:53  Drone x2  
  69  6:07  Roach x3  
  69  6:08  Roach x2  
  73  6:11  Overlord  
  73  6:19  Roach  
  73  6:21  Drone  
  73  6:22  Overlord  
  76  6:29  Overlord  
  76  6:30  Overlord x2  
  76  6:31  Roach  
  78  6:34  Drone x2  
  78  6:39  Roach  
  82  6:45  Drone x2  
  84  6:50  Roach x3  
  84  6:52  Drone  
  91  6:58  Roach  
  93  7:02  Queen  
  93  7:05  Drone x5  
  100  7:11  Roach x2  
  104  7:18  Roach  
  104  7:21  Roach x3  
  104  7:22  Roach  
  114  7:25  Roach  
  116  7:31  Roach x2  
  116  7:35  Overlord x2  
  120  7:38  Roach  
  120  7:59  Roach x2  
  120  8:00  Roach x4  
  130  8:09  Roach x4  
  138  8:15  Overlord  
  138  8:16  Overlord x2  
  138  8:21  Overlord x2  
  138  8:23  Overlord x2  
  133  8:36  Roach x3  
  133  8:37  Roach x2  
  133  8:40  Roach x3  
  149  8:42  Ravager  
  149  8:43  Ravager x3  
  153  8:49  Roach x2  
  153  8:53  Roach x2  
  161  8:58  Roach  
  163  9:05  Roach  
  163  9:17  Roach x2  
  163  9:20  Drone  
  163  9:21  Drone x5  
  163  9:22  Drone x2  
  173  9:26  Drone x2, Extractor  
  173  9:28  Extractor  
  173  9:33  Drone  
  173  9:34  Overseer  
  173  9:36  Roach x2  
  178  9:41  Drone x4  
  182  9:47  Overlord  
  182  9:48  Roach  
  184  9:56  Overseer  
  184  9:57  Overlord x2  
  184  10:04  Overlord x2  
  184  10:10  Overlord  
  184  10:11  Roach  
  186  10:20  Hydralisk Den  
  187  10:21  Roach x7  
  187  10:50  Roach x6  
  191  10:59  Roach  
  191  11:00  Roach x3  
  191  11:06  Roach x5  
  191  11:07  Roach x2  
  197  11:21  Hydralisk  
  195  11:31  Hydralisk x3  
  195  11:32  Hydralisk x6  
  193  11:36  Spore Crawler  
  193  11:38  Spore Crawler  
  187  11:49  Extractor  
  186  11:56  Roach  
  186  11:57  Roach x6  
Show
View Real Time Build Order
Export as new Build Order

Dark Zerg - Winner!

Build Orders: Hatch First 

Get SALT Encoding   

  12  0:00  Drone  
  13  0:13  Overlord  
  13  0:17  Drone  
  14  0:31  Drone x2  
  14  0:35  Drone  
  17  0:51  Hatchery  
  17  0:55  Drone  
  17  0:58  Drone  
  18  1:09  Extractor  
  17  1:13  Spawning Pool  
  17  1:16  Drone  
  17  1:20  Drone  
  18  1:28  Drone  
  19  1:40  Overlord  
  19  1:55  Drone  
  20  2:02  Drone, Queen  
  20  2:03  Queen  
  20  2:05  Drone  
  26  2:09  Metabolic Boost  
  26  2:13  Drone  
  28  2:15  Drone  
  28  2:27  Drone  
  28  2:28  Drone  
  30  2:34  Drone  
  31  2:43  Hatchery  
  30  2:47  Drone  
  30  2:48  Baneling Nest, Drone  
  31  2:52  Zergling x2  
  31  2:57  Overlord  
  32  2:59  Zergling x2  
  33  3:06  Zergling x2  
  34  3:16  Zergling x14  
  41  3:28  Drone x2  
  41  3:29  Lair  
  44  3:34  Drone  
  44  3:43  Baneling x3  
  44  3:44  Baneling  
  44  3:46  Overlord  
  44  3:58  Drone x2  
  40  4:10  Drone x4  
  40  4:11  Drone x3  
  40  4:15  Roach Warren, Drone  
  45  4:17  Drone x2  
  45  4:18  Drone  
  45  4:20  Drone x4  
  50  4:26  Evolution Chamber  
  50  4:28  Zergling x6  
  52  4:37  Extractor  
  52  4:38  Drone  
  52  4:39  Extractor  
  52  4:41  Overlord  
  52  4:42  Zergling x2  
  52  4:49  Zergling x6  
  52  4:50  Zergling x4  
  52  4:51  Zerg Missile Weapons Level 1  
  57  4:57  Overlord x2  
  57  5:01  Roach x4  
  64  5:09  Queen  
  64  5:14  Overlord  
  65  5:15  Overlord  
  65  5:19  Roach x2  
  69  5:24  Roach x3  
  69  5:28  Glial Reconstitution  
  73  5:34  Roach x2  
  73  5:35  Zergling x6  
  76  5:37  Zergling x2  
  76  5:38  Zergling x2  
  73  5:43  Roach x2  
  73  5:50  Roach  
  73  5:55  Queen  
  77  6:01  Overlord x2  
  77  6:02  Roach  
  79  6:06  Roach x2  
  79  6:10  Roach  
  84  6:14  Roach  
  84  6:15  Roach  
  84  6:16  Overseer  
  84  6:17  Roach  
  84  6:18  Roach x2  
  94  6:21  Roach  
  96  6:28  Roach x2  
  96  6:30  Roach  
  102  6:37  Drone x2  
  104  6:40  Roach  
  106  6:49  Roach x4  
  106  6:50  Overlord x2  
  114  6:54  Overlord  
  114  7:03  Zerg Missile Weapons Level 2  
  114  7:08  Zergling x14  
  114  7:13  Drone  
  122  7:17  Drone x3  
  122  7:21  Drone x3  
  128  7:27  Drone x3  
  128  7:29  Extractor  
  130  7:38  Drone  
  130  7:39  Drone x2  
  130  7:43  Overlord x2  
  133  7:46  Roach  
  134  7:56  Roach x2  
  136  7:59  Roach  
  136  8:00  Extractor  
  136  8:01  Roach  
  136  8:04  Roach x5  
  147  8:06  Roach x2  
  147  8:07  Roach  
  147  8:08  Roach  
  147  8:10  Baneling x2  
  152  8:14  Roach  
  152  8:15  Extractor, Roach  
  153  8:20  Overlord x2  
  153  8:21  Ravager  
  153  8:25  Spine Crawler  
  153  8:26  Spine Crawler  
  152  8:30  Roach, Overlord  
  153  8:34  Ravager  
  153  8:38  Overlord  
  153  8:39  Roach x2  
  153  8:40  Ravager x2  
  153  8:41  Ravager  
  161  8:43  Roach x2  
  161  8:45  Roach x2  
  169  8:50  Overlord  
  169  8:52  Roach x3  
  169  8:53  Roach  
  177  8:57  Overlord  
  177  8:58  Roach  
  177  8:59  Roach x2  
  177  9:00  Ravager  
  184  9:05  Overlord  
  184  9:11  Roach  
  184  9:16  Roach x2  
  190  9:19  Zerg Ground Armor Level 1, Unknown  
  190  9:20  Unknown  
  190  9:28  Spire  
  189  9:35  Drone x3  
  189  9:38  Overseer  
  192  9:48  Hatchery, Overlord x2  
  191  10:02  Pneumatized Carapace  
  191  10:08  Roach x4  
  191  10:09  Ravager  
  190  10:56  Mutalisk x5  
  190  10:57  Mutalisk x2  
  196  11:04  Mutalisk x2  
  196  11:21  Mutalisk x2  
  196  11:29  Mutalisk x4  
  192  11:34  Queen x2  
  192  11:35  Roach x2  
  198  11:48  Roach  
  152  12:10  Roach x5  
  152  12:12  Roach x2  
Tags
 
Add a new tag
Caveats
  • Supply blocks, unpowered buildings, or Contaminate may cause inaccurate times.
  • Supply counts are checked every 10 seconds.